[Event "3rd FIDE WCCC Blitz G12 2019"]
[Site "Minsk"]
[Date "2019.08.18"]
[Round "4.4"]
[White "Basova, Yuliya"]
[Black "Kaldarova, Ayaulym"]
[Result "0-1"]
[ECO "C03"]
[WhiteElo "1770"]
[BlackElo "1476"]
[Annotator "NA"]
[PlyCount "132"]
[EventDate "2019.08.18"]
[EventType "swiss"]
[EventCountry "BLR"]
[SourceTitle "playchess.com"]
[Source "ChessBase"]
[SourceQuality "1"]
[TimeControl "300+2"]

1. e4 e6 2. d4 d5 3. Nd2 Nc6 4. Bb5 Bd7 5. exd5 exd5 6. c3 Nf6 7. Ngf3 Be7 8. O-O O-O 9. Re1 Bg4 10. Bxc6 bxc6 11. Qc2 Bd6 12. Ne5 Re8 13. Ndf3 c5 14. Bg5 h6 15. Bh4 cxd4 16. cxd4 Bxf3 17. Nxf3 Be7 18. Ne5 Qd6 19. Bg3 Qb6 20. Nc6 Bd6 21. Bxd6 cxd6 22. Ne7+ Kh8 23. Nf5 Ne4 24. f3 Nf6 25. Qd2 Kh7 26. Kh1 Rab8 27. b3 Re6 28. Qd3 Kh8 29. Rxe6 fxe6 30. Ne7 Re8 31. Ng6+ Kg8 32. Rd1 e5 33. dxe5 dxe5 34. Nh4 Qd4 35. Qxd4 exd4 36. Kg1 Re2 37. Rxd4 Rxa2 38. Nf5 Kf7 39. Nd6+ Ke6 40. Nb5 Ra5 41. Nc7+ Kd6 42. Na8 Rb5 43. Rd3 Rb8 44. Nc7 Kxc7 45. Rc3+ Kd6 46. Kf2 d4 47. Rd3 Kd5 48. Ke2 Rc8 49. f4 Rc3 50. Rxc3 dxc3 51. Kd3 Ne4 52. g3 a5 53. g4 Kc5 54. f5 Kb4 55. Kc2 Nc5 56. h4 Nxb3 57. g5 Nd4+ 58. Kc1 Nxf5 59. gxh6 gxh6 60. h5 Ng3 61. Kc2 Nxh5 62. Kc1 a4 63. Kb1 a3 64. Ka2 c2 65. Ka1 c1=Q+ 66. Ka2 Qb2# 0-1

[Event "3rd FIDE WCCC Blitz G12 2019"]
[Site "Minsk"]
[Date "2019.08.18"]
[Round "4.5"]
[White "Komissarova, Soigina"]
[Black "Lomakina, Anzhelika"]
[Result "0-1"]
[ECO "A20"]
[WhiteElo "1663"]
[BlackElo "1732"]
[Annotator "NA"]
[PlyCount "86"]
[EventDate "2019.08.18"]
[EventType "swiss"]
[EventCountry "BLR"]
[SourceTitle "playchess.com"]
[Source "ChessBase"]
[SourceQuality "1"]
[TimeControl "300+2"]

1. c4 e5 2. g3 Nf6 3. Bg2 d5 4. cxd5 Nxd5 5. Nc3 Nb6 6. Nf3 Nc6 7. d3 Be7 8. O-O O-O 9. b3 Bg4 10. Bb2 Re8 11. h3 Bh5 12. Rc1 f5 13. e3 Bf6 14. Ne2 Qd6 15. Qc2 Rac8 16. a3 Qe6 17. Kh2 Red8 18. Rfe1 Kh8 19. d4 exd4 20. Nexd4 Nxd4 21. Nxd4 Bxd4 22. exd4 Qf7 23. Bxb7 Rb8 24. Bg2 f4 25. Qxc7 Qxb3 26. Rb1 fxg3+ 27. fxg3 Qd3 28. d5 Rg8 29. d6 Rbc8 30. Qb7 Qc2 31. d7 Rcd8 32. Bd4 Rxd7 33. Qe4 Qxe4 34. Rxe4 Bg6 35. Bxb6 Bxe4 36. Bxe4 axb6 37. Rxb6 g6 38. Ra6 Rd2+ 39. Bg2 Re8 40. a4 Ree2 41. Ra8+ Kg7 42. a5 Rxg2+ 43. Kh1 Rh2+ {[%emt 0:00:00] Kxh2 Rxh2 a6 Ra2 Ra7+} 0-1

[Event "3rd FIDE WCCC Blitz G12 2019"]
[Site "Minsk"]
[Date "2019.08.18"]
[Round "4.6"]
[White "Kirdyashkina, Ekaterina"]
[Black "Dalatsenka, Volha"]
[Result "1-0"]
[ECO "B06"]
[WhiteElo "1691"]
[BlackElo "1380"]
[Annotator "NA"]
[PlyCount "177"]
[EventDate "2019.08.18"]
[EventType "swiss"]
[EventCountry "BLR"]
[SourceTitle "playchess.com"]
[Source "ChessBase"]
[SourceQuality "1"]
[TimeControl "300+2"]

1. e4 g6 2. d4 Bg7 3. Nc3 c6 4. Nf3 Nf6 5. g3 O-O 6. Bg2 d5 7. e5 Nfd7 8. O-O Nb6 9. Re1 e6 10. Bg5 f6 11. exf6 Bxf6 12. Bh6 Bg7 13. Bxg7 Kxg7 14. Ne5 Qf6 15. Qd2 N8d7 16. Ng4 Qf7 17. Qh6+ Kg8 18. Qg5 Kh8 19. Re2 Nf6 20. Ne5 Qg7 21. Rf1 Re8 22. h4 Nbd7 23. Bh3 Nxe5 24. dxe5 Nd7 25. Kh2 Qe7 26. Qg4 Qg7 27. f4 b6 28. a3 Ba6 29. Rh1 Bxe2 30. Nxe2 Nc5 31. Nd4 Qf7 32. Qe2 Ne4 33. Nxc6 Rac8 34. Nd4 Rc4 35. c3 a6 36. Kg2 b5 37. Bg4 h5 38. Bf3 Qe7 39. Bxe4 dxe4 40. Qxe4 Qf7 41. Rf1 Kg7 42. Rd1 Kh8 43. Qe3 Rcc8 44. Nf3 Qb7 45. Kh2 Rcd8 46. Nd4 Qf7 47. Re1 Qe7 48. Qe4 Qf7 49. Re2 Rc8 50. Qe3 Rcd8 51. Qc1 Rc8 52. Qc2 Rcd8 53. Qb3 Rc8 54. Qb4 Rc4 55. Qd6 a5 56. Qb6 b4 57. axb4 axb4 58. Qb5 Rcc8 59. Qxb4 Rb8 60. Qc4 Rbc8 61. Qd3 Rcd8 62. b4 Rc8 63. b5 Rb8 64. Rb2 Qd7 65. Qxg6 Qg7 66. Qxh5+ Kg8 67. Qg5 Qxg5 68. hxg5 Rec8 69. Rb3 Kf7 70. g4 Rc7 71. f5 exf5 72. gxf5 Rc5 73. e6+ Ke7 74. f6+ Kf8 75. g6 Rh5+ 76. Kg3 Rg5+ 77. Kf4 Rxg6 78. Kf5 Rg1 79. c4 Rf1+ 80. Rf3 Rxf3+ 81. Nxf3 Rc8 82. Ne5 Rc7 83. b6 Rb7 84. c5 Ke8 85. c6 Rxb6 86. e7 Rb5 87. c7 Rc5 88. Ke6 Rxc7 89. f7# 1-0

[Event "3rd FIDE WCCC Blitz G12 2019"]
[Site "Minsk"]
[Date "2019.08.18"]
[Round "5.1"]
[White "Vlasova, Olesia"]
[Black "Vu, My Linh"]
[Result "0-1"]
[ECO "E62"]
[WhiteElo "1799"]
[BlackElo "1467"]
[Annotator "NA"]
[PlyCount "108"]
[EventDate "2019.08.18"]
[EventType "swiss"]
[EventCountry "BLR"]
[SourceTitle "playchess.com"]
[Source "ChessBase"]
[SourceQuality "1"]
[TimeControl "300+2"]

1. Nf3 Nf6 2. c4 g6 3. g3 Bg7 4. Bg2 d6 5. d4 O-O 6. O-O Nc6 7. Nc3 e5 8. d5 Ne7 9. c5 Nd7 10. cxd6 cxd6 11. e4 a6 12. a4 h6 13. Nd2 f5 14. Nc4 Nb6 15. Qe2 Nxc4 16. Qxc4 b5 17. Qe2 b4 18. Nd1 a5 19. Re1 Ba6 20. Qd2 f4 21. f3 Rc8 22. Nf2 g5 23. Bh3 Rc7 24. Be6+ Kh8 25. Kg2 Bc8 26. Bxc8 Qxc8 27. Qd3 Ng6 28. Bd2 Qd7 29. b3 Rfc8 30. Rac1 h5 31. Rxc7 Rxc7 32. Rc1 Rxc1 33. Bxc1 g4 34. Bd2 gxf3+ 35. Kxf3 Qf7 36. Kg2 h4 37. g4 Bh6 38. Qf3 Bg5 39. h3 Kg7 40. Kf1 Qc7 41. Ke2 Qc2 42. Nd1 Bd8 43. Nf2 Bb6 44. Qd3 Qc5 45. Nd1 Qg1 46. Qf3 Qh2+ 47. Nf2 Bxf2 48. Qxf2 Qxh3 49. Qa7+ Kh6 50. Qxa5 Qxg4+ 51. Kf1 Qd1+ 52. Be1 f3 53. Qb6 Qe2+ 54. Kg1 Qg2# 0-1

[Event "3rd FIDE WCCC Blitz G12 2019"]
[Site "Minsk"]
[Date "2019.08.18"]
[Round "5.2"]
[White "Nguyen, Le Cam Hien"]
[Black "Kaldarova, Ayaulym"]
[Result "1/2-1/2"]
[ECO "C00"]
[WhiteElo "1579"]
[BlackElo "1476"]
[Annotator "NA"]
[PlyCount "85"]
[EventDate "2019.08.18"]
[EventType "swiss"]
[EventCountry "BLR"]
[SourceTitle "playchess.com"]
[Source "ChessBase"]
[SourceQuality "1"]
[TimeControl "300+2"]

1. e4 e6 2. d3 c5 3. g3 Nc6 4. Bg2 d5 5. Nd2 Nf6 6. f4 g6 7. e5 Nd7 8. Ngf3 Bg7 9. O-O O-O 10. c3 d4 11. c4 Qc7 12. Ne4 Ne7 13. g4 f5 14. exf6 Nxf6 15. Nxf6+ Bxf6 16. Qe2 Nc6 17. h3 Bd7 18. Bd2 e5 19. fxe5 Nxe5 20. Nxe5 Bxe5 21. Bd5+ Kg7 22. Bg5 Rae8 23. Qd2 Kh8 24. Bh6 Bg7 25. Bf4 Be5 26. Bxe5+ Qxe5 27. Be4 Bc6 28. Bxc6 bxc6 29. Rxf8+ Rxf8 30. Rf1 Qg3+ 31. Qg2 Rxf1+ 32. Kxf1 Qxd3+ 33. Kg1 Qxc4 34. Qxc6 Qc1+ 35. Kg2 Qxb2+ 36. Kg3 Qc3+ 37. Kg2 Qb2+ 38. Kg3 Qb6 39. Qe8+ Kg7 40. Qe7+ Kg8 41. Qe8+ Kg7 42. Qe7+ Kg8 43. Qe8+ {[%emt 0:00:02] Qd8 Qe3} 1/2-1/2

[Event "3rd FIDE WCCC Blitz G12 2019"]
[Site "Minsk"]
[Date "2019.08.18"]
[Round "5.3"]
[White "Szczotka, Klara"]
[Black "Babic, Milana"]
[Result "1-0"]
[ECO "B12"]
[WhiteElo "1732"]
[BlackElo "1689"]
[Annotator "NA"]
[PlyCount "123"]
[EventDate "2019.08.18"]
[EventType "swiss"]
[EventCountry "BLR"]
[SourceTitle "playchess.com"]
[Source "ChessBase"]
[SourceQuality "1"]
[TimeControl "300+2"]

1. e4 c6 2. d4 d5 3. Nd2 g6 4. Bd3 Bg7 5. Ne2 dxe4 6. Bxe4 Nf6 7. Bf3 O-O 8. O-O Nbd7 9. Nb3 Re8 10. Bf4 e6 11. Qd2 Nh5 12. Bxh5 gxh5 13. Bh6 Qf6 14. Bxg7 Qxg7 15. Nf4 Nf6 16. Qe3 Ng4 17. Qf3 Qg5 18. h3 Nf6 19. Rae1 e5 20. dxe5 Rxe5 21. Rxe5 Qxe5 22. Qg3+ Kh8 23. Ng6+ hxg6 24. Qxe5 Kg7 25. Nd4 Bd7 26. Qc7 Bf5 27. Nxf5+ gxf5 28. Qxc6 Re8 29. Qxb7 Re2 30. Qf3 Rxc2 31. Qxf5 Rc6 32. Rd1 h4 33. Qg5+ Kf8 34. Rd8+ Ke7 35. Rd4 Re6 36. Rxh4 Re1+ 37. Kh2 Re6 38. Qc5+ Ke8 39. Rh8+ Kd7 40. Rc8 Ne8 41. Rxe8 Rxe8 42. Qb5+ Kd8 43. Qxe8+ Kxe8 44. Kg3 Ke7 45. Kf4 Ke6 46. g4 Kf6 47. h4 Kg6 48. h5+ Kh6 49. Kf5 Kg7 50. g5 a5 51. f4 a4 52. a3 Kg8 53. Kf6 Kf8 54. h6 Kg8 55. f5 Kh7 56. g6+ fxg6 57. fxg6+ Kg8 58. h7+ Kh8 59. g7+ Kxh7 60. Kf7 Kh6 61. g8=Q Kh5 62. Qg3 1-0

[Event "3rd FIDE WCCC Blitz G12 2019"]
[Site "Minsk"]
[Date "2019.08.18"]
[Round "5.4"]
[White "Lomakina, Anzhelika"]
[Black "Shubenkova, Veronika"]
[Result "1/2-1/2"]
[ECO "B19"]
[WhiteElo "1732"]
[BlackElo "1740"]
[Annotator "NA"]
[PlyCount "113"]
[EventDate "2019.08.18"]
[EventType "swiss"]
[EventCountry "BLR"]
[SourceTitle "playchess.com"]
[Source "ChessBase"]
[SourceQuality "1"]
[TimeControl "300+2"]

1. e4 c6 2. d4 d5 3. Nd2 dxe4 4. Nxe4 Bf5 5. Ng3 Bg6 6. h4 h6 7. Nf3 Nd7 8. h5 Bh7 9. Bd3 Bxd3 10. Qxd3 e6 11. Bd2 Ngf6 12. O-O-O Be7 13. Kb1 a5 14. Ne4 Nxe4 15. Qxe4 Nf6 16. Qe2 b5 17. Ne5 Qd5 18. g4 Ne4 19. Bc1 a4 20. Qf3 Bf6 21. Rhe1 Bxe5 22. Qxe4 Bf6 23. Qxd5 cxd5 24. f4 Kd7 25. Re2 Rac8 26. b3 axb3 27. axb3 Ra8 28. Bb2 Rhc8 29. Rf1 Rc6 30. f5 Rac8 31. fxe6+ Rxe6 32. Rxe6 fxe6 33. Re1 Re8 34. Kc1 Kd6 35. Kd2 e5 36. dxe5+ Bxe5 37. Ba3+ Kc6 38. Kd3 Re6 39. c4 bxc4+ 40. bxc4 dxc4+ 41. Kxc4 Re8 42. Re2 Kd7 43. Kd5 Bf6 44. Rxe8 Kxe8 45. Ke6 Bd4 46. Bd6 Bc3 47. Bc5 Bb2 48. Bb4 Bd4 49. Ba3 Bc3 50. Bc5 Bb2 51. Bd6 Bd4 52. Bb4 Bb2 53. Bc5 Bc3 54. Bd6 Bd4 55. Bb4 Bb2 56. Bd6 Bc3 57. Bc5 1/2-1/2

[Event "3rd FIDE WCCC Blitz G12 2019"]
[Site "Minsk"]
[Date "2019.08.18"]
[Round "5.5"]
[White "Zhapova, Yana"]
[Black "Kirdyashkina, Ekaterina"]
[Result "1-0"]
[ECO "C68"]
[WhiteElo "1809"]
[BlackElo "1691"]
[Annotator "NA"]
[PlyCount "107"]
[EventDate "2019.08.18"]
[EventType "swiss"]
[EventCountry "BLR"]
[SourceTitle "playchess.com"]
[Source "ChessBase"]
[SourceQuality "1"]
[TimeControl "300+2"]

1. e4 e5 2. Nf3 Nc6 3. Bb5 a6 4. Bxc6 dxc6 5. O-O Bd6 6. d4 exd4 7. Qxd4 f6 8. Be3 Ne7 9. Nc3 O-O 10. Rad1 Bg4 11. Qc4+ Kh8 12. e5 Bxf3 13. exd6 Bxd1 14. dxe7 Qxe7 15. Rxd1 Rfe8 16. h3 Rad8 17. Re1 f5 18. Ne2 Qf6 19. c3 b5 20. Qf4 Qf7 21. Nd4 Qxa2 22. Qxc7 Qd5 23. Qf4 c5 24. Nf3 a5 25. Ng5 h6 26. Qh4 Kg8 27. Nf3 b4 28. cxb4 cxb4 29. Nd4 Qf7 30. Qf4 g5 31. Qxf5 Rxd4 32. Qxf7+ Kxf7 33. Ra1 Rd5 34. Rc1 Re7 35. Bb6 Rb5 36. Be3 a4 37. Ra1 Ra5 38. Kf1 a3 39. bxa3 Rxa3 40. Rb1 b3 41. Bc5 Rea7 42. Bxa7 Rxa7 43. Rxb3 Ra1+ 44. Ke2 Ra2+ 45. Kf3 Kf6 46. g3 Kg6 47. Rb6+ Kg7 48. Kg2 Rc2 49. Ra6 Rb2 50. Rc6 Ra2 51. h4 g4 52. h5 Ra5 53. Rc4 Rxh5 54. Rf4 1-0

[Event "3rd FIDE WCCC Blitz G12 2019"]
[Site "Minsk"]
[Date "2019.08.18"]
[Round "5.6"]
[White "Petrova, Elizaveta"]
[Black "Korovina, Yana"]
[Result "1/2-1/2"]
[ECO "A00"]
[WhiteElo "1573"]
[BlackElo "1511"]
[Annotator "NA"]
[PlyCount "80"]
[EventDate "2019.08.18"]
[EventType "swiss"]
[EventCountry "BLR"]
[SourceTitle "playchess.com"]
[Source "ChessBase"]
[SourceQuality "1"]
[TimeControl "300+2"]

1. c3 d5 2. d3 Nf6 3. h3 e5 4. Qa4+ Bd7 5. Qc2 Nc6 6. Nd2 Bc5 7. g4 Qe7 8. Bg2 Bb6 9. Nf1 Be6 10. Ng3 Qc5 11. e3 Rb8 12. N1e2 d4 13. Bxc6+ Qxc6 14. e4 dxc3 15. bxc3 Nd7 16. Nf5 Bxf5 17. gxf5 Nc5 18. Be3 Rd8 19. Rd1 f6 20. Bxc5 Bxc5 21. Rg1 Rd7 22. Ng3 Qb6 23. Rg2 Rf7 24. Qb3 Qxb3 25. axb3 g6 26. Ke2 Rg8 27. Rdg1 g5 28. Nf1 Rh8 29. h4 h6 30. h5 Rd7 31. Ne3 Bxe3 32. Kxe3 Ke7 33. Ra1 Rhd8 34. Rd1 Rd6 35. f3 Rc6 36. Rc2 a6 37. Ra1 Rcd6 38. Rd2 Rc6 39. Rc2 Rcd6 40. Rd2 Rc6 1/2-1/2

[Event "3rd FIDE WCCC Blitz G12 2019"]
[Site "Minsk"]
[Date "2019.08.18"]
[Round "6.1"]
[White "Vu, My Linh"]
[Black "Nguyen, Le Cam Hien"]
[Result "1/2-1/2"]
[ECO "A80"]
[WhiteElo "1467"]
[BlackElo "1579"]
[Annotator "NA"]
[PlyCount "103"]
[EventDate "2019.08.18"]
[EventType "swiss"]
[EventCountry "BLR"]
[SourceTitle "playchess.com"]
[Source "ChessBase"]
[SourceQuality "1"]
[TimeControl "300+2"]

1. d4 f5 2. Nf3 Nf6 3. c4 e6 4. Nc3 d6 5. g3 Be7 6. Bg2 O-O 7. O-O h6 8. Nd2 Nbd7 9. e4 fxe4 10. Ndxe4 e5 11. d5 Nxe4 12. Nxe4 Nf6 13. b4 Bf5 14. Nxf6+ Bxf6 15. Bb2 Qd7 16. c5 Be7 17. Rc1 Bh3 18. c6 bxc6 19. dxc6 Qf5 20. Qd5+ Kh8 21. b5 Bxg2 22. Qxg2 Rab8 23. a4 Bg5 24. Rc4 Qd3 25. Qe4 Qxe4 26. Rxe4 a6 27. f4 exf4 28. gxf4 Bh4 29. f5 Bg5 30. h4 Bf6 31. Bxf6 Rxf6 32. bxa6 Ra8 33. Rff4 Rxa6 34. Re8+ Kh7 35. Re6 Rxc6 36. Rxf6 gxf6 37. a5 Rc1+ 38. Rf1 Rc5 39. Ra1 Rb5 40. a6 Rb8 41. a7 Ra8 42. Kf2 Kg7 43. Kf3 d5 44. Ke3 c5 45. Kd3 Kf7 46. Ra6 Ke7 47. h5 Kf7 48. Kc3 Ke7 49. Kd3 Kf7 50. Kc3 Ke7 51. Kd3 Kf7 52. Kc3 1/2-1/2

[Event "3rd FIDE WCCC Blitz G12 2019"]
[Site "Minsk"]
[Date "2019.08.18"]
[Round "6.2"]
[White "Vlasova, Olesia"]
[Black "Szczotka, Klara"]
[Result "1-0"]
[ECO "A13"]
[WhiteElo "1799"]
[BlackElo "1732"]
[Annotator "NA"]
[PlyCount "162"]
[EventDate "2019.08.18"]
[EventType "swiss"]
[EventCountry "BLR"]
[SourceTitle "playchess.com"]
[Source "ChessBase"]
[SourceQuality "1"]
[TimeControl "300+2"]

1. Nf3 Nf6 2. c4 d5 3. g3 e6 4. Bg2 Bd6 5. d4 Nc6 6. O-O O-O 7. Qc2 Re8 8. Nbd2 Bd7 9. e4 dxe4 10. Nxe4 Nxe4 11. Qxe4 e5 12. d5 f5 13. Qe2 Nd4 14. Nxd4 exd4 15. Qd3 Qf6 16. Bd2 c5 17. dxc6 Bxc6 18. Rfe1 Bxg2 19. Kxg2 Bc5 20. b4 Bf8 21. a3 Rac8 22. c5 Qc6+ 23. Kg1 Qd5 24. Bc3 Red8 25. Rad1 b6 26. Qxd4 Qxd4 27. Rxd4 Rxd4 28. Bxd4 bxc5 29. Rc1 c4 30. Bxa7 Ra8 31. Bd4 Rxa3 32. Rxc4 Ra4 33. Bc3 Ra3 34. Kg2 Rb3 35. Kf1 Kf7 36. Ke2 Ke6 37. Kd3 Kd5 38. Rd4+ Kc6 39. Kc2 Ra3 40. Kb2 Ra7 41. Kb3 Rb7 42. Rf4 g6 43. Rc4+ Kd5 44. Rd4+ Kc6 45. Rd3 Rb5 46. f4 Rb7 47. Re3 Kd7 48. Kc4 Kd6 49. Rd3+ Ke6 50. Re3+ Kd6 51. Bd4 Kc6 52. Bc5 Bxc5 53. bxc5 Rb1 54. Re6+ Kd7 55. Rd6+ Kc7 56. Rd2 Rc1+ 57. Kd5 Rb1 58. Rc2 Rd1+ 59. Ke6 Kc6 60. Kf6 Rd7 61. h4 Ra7 62. h5 gxh5 63. Kxf5 Rg7 64. Rc3 Rg4 65. Ke6 Rg6+ 66. Ke5 Rg8 67. f5 Re8+ 68. Kf6 Rf8+ 69. Ke6 Re8+ 70. Kf7 Re5 71. f6 Re1 72. Kf8 Rf1 73. f7 Rf2 74. Re3 Kxc5 75. Ke7 Kd5 76. f8=Q Rxf8 77. Kxf8 Kd4 78. Re7 h6 79. Kg7 Kd5 80. Kxh6 Kd6 81. Re1 Kd5 1-0

[Event "3rd FIDE WCCC Blitz G12 2019"]
[Site "Minsk"]
[Date "2019.08.18"]
[Round "6.3"]
[White "Kaldarova, Ayaulym"]
[Black "Zhapova, Yana"]
[Result "0-1"]
[ECO "D30"]
[WhiteElo "1476"]
[BlackElo "1809"]
[Annotator "NA"]
[PlyCount "114"]
[EventDate "2019.08.18"]
[EventType "swiss"]
[EventCountry "BLR"]
[SourceTitle "playchess.com"]
[Source "ChessBase"]
[SourceQuality "1"]
[TimeControl "300+2"]

1. d4 d5 2. c4 e6 3. cxd5 exd5 4. Nc3 c6 5. Qc2 g6 6. Nf3 Bf5 7. Qb3 Qb6 8. Qd1 Nf6 9. e3 Nbd7 10. Be2 Bg7 11. Nh4 Be6 12. O-O O-O 13. b3 Ne4 14. Bb2 Rad8 15. Rc1 f5 16. Nf3 Ndf6 17. Qc2 Nxc3 18. Bxc3 Ne4 19. Bb2 f4 20. Bd3 fxe3 21. fxe3 Nd6 22. Ng5 Bf5 23. Bxf5 Rxf5 24. Ne6 Re8 25. Nxg7 Kxg7 26. Qd3 Qc7 27. a4 Rxf1+ 28. Rxf1 Nf5 29. Rf3 Qe7 30. Bc1 Qe4 31. Qxe4 Rxe4 32. Kf2 h5 33. g3 h4 34. Bd2 Kf6 35. b4 hxg3+ 36. hxg3 Ke6 37. Bc3 Nd6 38. Rf4 Rxf4+ 39. exf4 Ne4+ 40. Kf3 Nxc3 41. g4 Nxa4 42. f5+ gxf5 43. g5 Kf7 44. Kf4 Kg6 45. Ke5 Kxg5 46. Kd6 f4 47. Kc7 f3 48. Kxb7 f2 49. Kxa7 f1=Q 50. Kb7 Qb5+ 51. Kc7 Qxb4 52. Kxc6 Qxd4 53. Kb5 Kf5 54. Ka5 Ke5 55. Kb5 Kd6 56. Ka5 Kc6 57. Ka6 Qb6# 0-1

[Event "3rd FIDE WCCC Blitz G12 2019"]
[Site "Minsk"]
[Date "2019.08.18"]
[Round "6.4"]
[White "Shubenkova, Veronika"]
[Black "Ivanytska, Liudmyla"]
[Result "1-0"]
[ECO "D05"]
[WhiteElo "1740"]
[BlackElo "1539"]
[Annotator "NA"]
[PlyCount "177"]
[EventDate "2019.08.18"]
[EventType "swiss"]
[EventCountry "BLR"]
[SourceTitle "playchess.com"]
[Source "ChessBase"]
[SourceQuality "1"]
[TimeControl "300+2"]

1. d4 d5 2. e3 Nf6 3. Bd3 e6 4. f4 c5 5. c3 Nbd7 6. Nf3 b6 7. O-O Bb7 8. Ne5 Be7 9. Nd2 O-O 10. Rf3 Ne4 11. Nxd7 Qxd7 12. Rh3 c4 13. Bxe4 dxe4 14. Nxc4 Qd5 15. Ne5 f6 16. Ng4 Rad8 17. Bd2 Bc8 18. Rh5 f5 19. Ne5 Bf6 20. Rh3 Bxe5 21. fxe5 g6 22. Qe1 Rf7 23. Qh4 Rdf8 24. b3 b5 25. Rf1 Qb7 26. Rf2 a5 27. Bc1 a4 28. Ba3 Re8 29. g4 axb3 30. axb3 Qa7 31. Bb4 Qa1+ 32. Kg2 Qb1 33. gxf5 exf5 34. Qf4 Qxb3 35. Rg3 Qe6 36. h4 Rg7 37. Kh2 Bd7 38. Rfg2 Ra8 39. h5 Ra2 40. hxg6 hxg6 41. Qg5 Rxg2+ 42. Rxg2 Qf7 43. Qf6 Qxf6 44. exf6 Rh7+ 45. Kg3 Kf7 46. Be7 Be6 47. Kf4 Bc4 48. Rg1 Rh3 49. Ra1 Rf3+ 50. Ke5 Rxe3 51. Ra8 g5 52. Rf8+ Kg6 53. d5 Rd3 54. Rg8+ Kf7 55. Rf8+ Kg6 56. Rd8 e3 57. Rg8+ Kf7 58. Rf8+ Kg6 59. Rg8+ Kf7 60. Rf8+ Kg6 61. Rg8+ Kf7 62. Rf8+ Kg6 63. Rg8+ Kf7 64. Rf8+ Kg6 65. Rg8+ Kf7 66. Rf8+ Kg6 67. Rg8+ Kf7 68. Rf8+ Kg6 69. Rg8+ Kf7 70. Rf8+ Kg6 71. Rg8+ Kf7 72. Rf8+ Kg6 73. Rg8+ Kh5 74. Rh8+ Kg4 75. f7 Rxd5+ 76. Kf6 e2 77. Rh1 Rd6+ 78. Bxd6 Bxf7 79. Kxf7 f4 80. Ke6 f3 81. Bc5 Kg3 82. Rg1+ Kh2 83. Kf5 b4 84. cxb4 g4 85. Kxg4 f2 86. Bxf2 e1=Q 87. Rxe1 Kg2 88. Rc1 Kxf2 89. b5 1-0

[Event "3rd FIDE WCCC Blitz G12 2019"]
[Site "Minsk"]
[Date "2019.08.18"]
[Round "6.5"]
[White "Korovina, Yana"]
[Black "Lomakina, Anzhelika"]
[Result "1-0"]
[ECO "C47"]
[WhiteElo "1511"]
[BlackElo "1732"]
[Annotator "NA"]
[PlyCount "97"]
[EventDate "2019.08.18"]
[EventType "swiss"]
[EventCountry "BLR"]
[SourceTitle "playchess.com"]
[Source "ChessBase"]
[SourceQuality "1"]
[TimeControl "300+2"]

1. e4 e5 2. Nf3 Nc6 3. Nc3 Nf6 4. Be2 Be7 5. O-O d5 6. exd5 Nxd5 7. Bc4 Nxc3 8. dxc3 O-O 9. h3 Bf5 10. Qe2 Bf6 11. Be3 Qe7 12. Rad1 Rad8 13. a3 h6 14. Bb3 Bg6 15. Rfe1 Bh5 16. Bc1 Rfe8 17. Qe4 Bg6 18. Qe2 e4 19. Nh2 Bg5 20. Bxg5 Qxg5 21. Qg4 Ne5 22. Qxg5 hxg5 23. Ng4 Nxg4 24. hxg4 Kf8 25. Kf1 f5 26. gxf5 Bxf5 27. Ba4 c6 28. Bb3 Ke7 29. f3 Rxd1 30. Rxd1 exf3 31. gxf3 Kf6 32. Rd6+ Ke5 33. Rd1 Kf4 34. Kf2 g4 35. Rd4+ Kg5 36. fxg4 Bxg4 37. Rd2 Rf8+ 38. Kg3 g6 39. Bc4 Bf5 40. Bb3 Re8 41. Rf2 Re3+ 42. Kg2 Kg4 43. Bc4 Be4+ 44. Kg1 g5 45. Be2+ Rf3 46. Kg2 Kf4 47. Bxf3 Bxf3+ 48. Rxf3+ Ke4 49. Kg3 1-0

[Event "3rd FIDE WCCC Blitz G12 2019"]
[Site "Minsk"]
[Date "2019.08.18"]
[Round "6.6"]
[White "Babic, Milana"]
[Black "Petrova, Elizaveta"]
[Result "1-0"]
[ECO "A05"]
[WhiteElo "1689"]
[BlackElo "1573"]
[Annotator "NA"]
[PlyCount "131"]
[EventDate "2019.08.18"]
[EventType "swiss"]
[EventCountry "BLR"]
[SourceTitle "playchess.com"]
[Source "ChessBase"]
[SourceQuality "1"]
[TimeControl "300+2"]

1. Nf3 Nf6 2. g3 g6 3. Bg2 Bg7 4. O-O O-O 5. d4 d5 6. b3 c6 7. Bb2 Nbd7 8. Nbd2 Qc7 9. c4 e6 10. Rc1 Re8 11. Re1 Ne4 12. Qc2 Ndf6 13. Ne5 Nxd2 14. Qxd2 Qe7 15. e4 dxe4 16. Bxe4 Nxe4 17. Rxe4 Bxe5 18. Rxe5 b6 19. Qc3 f6 20. Re2 Qf7 21. Rce1 Bb7 22. Re3 Rad8 23. Rf3 Qg7 24. Rfe3 Qf7 25. b4 a6 26. a4 Rc8 27. Qc2 c5 28. dxc5 bxc5 29. b5 axb5 30. axb5 e5 31. Rd1 Red8 32. Red3 Qe7 33. Qd2 Rxd3 34. Qxd3 Re8 35. Qd7 Kf7 36. Ba3 Rc8 37. Rd6 Rc7 38. Qxe7+ Kxe7 39. Rd2 f5 40. Kf1 Be4 41. Ke2 h5 42. b6 Rb7 43. Bxc5+ Kf6 44. f3 Bb1 45. Rd6+ Kg5 46. h4+ Kh6 47. Rc6 Ba2 48. Kd3 e4+ 49. fxe4 fxe4+ 50. Kxe4 Rb8 51. Be3+ Kg7 52. Rc7+ Kf6 53. b7 Re8+ 54. Kd3 Rd8+ 55. Ke2 Rb8 56. c5 Bc4+ 57. Kf2 Ke5 58. c6 Rf8+ 59. Bf4+ Kd5 60. Rg7 Re8 61. b8=Q Re2+ 62. Kf1 Re7+ 63. Kg2 Rxg7 64. Qe5+ Kxc6 65. Qxg7 Bd5+ 66. Kf2 1-0

[Event "3rd FIDE WCCC Blitz G12 2019"]
[Site "Minsk"]
[Date "2019.08.18"]
[Round "7.1"]
[White "Zhapova, Yana"]
[Black "Vu, My Linh"]
[Result "1-0"]
[ECO "B09"]
[WhiteElo "1809"]
[BlackElo "1467"]
[Annotator "NA"]
[PlyCount "61"]
[EventDate "2019.08.18"]
[EventType "swiss"]
[EventCountry "BLR"]
[SourceTitle "playchess.com"]
[Source "ChessBase"]
[SourceQuality "1"]
[TimeControl "300+2"]

1. e4 d6 2. d4 Nf6 3. Nc3 g6 4. f4 Bg7 5. Nf3 a6 6. a4 Nc6 7. Be2 Bd7 8. O-O O-O 9. h3 Nh5 10. Be3 Ng3 11. Re1 Nxe2+ 12. Qxe2 e5 13. Rad1 exf4 14. Bxf4 h6 15. Qf2 f5 16. e5 g5 17. Bc1 g4 18. Nh2 dxe5 19. dxe5 Bxe5 20. Nf1 Bg7 21. Qc5 Bd4+ 22. Rxd4 Nxd4 23. Qxd4 gxh3 24. Bxh6 Rf7 25. Re3 hxg2 26. Rg3+ Kh7 27. Ne3 Kxh6 28. Rh3+ Kg6 29. Ncd5 Bc6 30. Nf4+ Kg5 31. Rh5# 1-0

[Event "3rd FIDE WCCC Blitz G12 2019"]
[Site "Minsk"]
[Date "2019.08.18"]
[Round "7.2"]
[White "Nguyen, Le Cam Hien"]
[Black "Vlasova, Olesia"]
[Result "0-1"]
[ECO "B20"]
[WhiteElo "1579"]
[BlackElo "1799"]
[Annotator "NA"]
[PlyCount "178"]
[EventDate "2019.08.18"]
[EventType "swiss"]
[EventCountry "BLR"]
[SourceTitle "playchess.com"]
[Source "ChessBase"]
[SourceQuality "1"]
[TimeControl "300+2"]

1. e4 c5 2. d3 Nc6 3. g3 g6 4. Bg2 Bg7 5. f4 e6 6. Nf3 Nge7 7. c3 O-O 8. O-O d6 9. Kh1 b5 10. Be3 b4 11. d4 Qb6 12. Rf2 Rd8 13. Rd2 Bb7 14. cxb4 Qxb4 15. a3 Qb6 16. Nc3 cxd4 17. Nxd4 Nxd4 18. Bxd4 Bxd4 19. Rxd4 Qxb2 20. Rb4 Qxc3 21. Rxb7 Kf8 22. Rb3 Qg7 23. Rd3 d5 24. exd5 Nxd5 25. Bxd5 Rxd5 26. Rxd5 exd5 27. Rb1 d4 28. Rb4 Rd8 29. Qd3 Qf6 30. Kg1 Qd6 31. Kf2 Qc5 32. Rc4 Qb5 33. a4 Qd5 34. Kg1 Kg8 35. Rb4 Qc5 36. Rc4 Qb6 37. Kg2 Qb2+ 38. Kh3 Qf2 39. Rc7 Rd5 40. Rc8+ Kg7 41. g4 Qe3+ 42. Qxe3 dxe3 43. Re8 Rd3 44. Kg2 Ra3 45. Kf3 Rxa4 46. Rxe3 a5 47. h4 Ra1 48. Re7 a4 49. Ra7 a3 50. Kg2 Kf8 51. h5 Ke8 52. hxg6 hxg6 53. Kh2 Kf8 54. Kg2 Kg7 55. Kh2 Kf6 56. Kg2 Ke6 57. Kh2 Kf6 58. Ra5 Ke6 59. Kg2 f5 60. gxf5+ gxf5 61. Kf2 a2 62. Kg2 Kf6 63. Ra6+ Ke7 64. Kh2 Kd7 65. Kg2 Kc7 66. Ra3 Kb6 67. Ra8 Kb5 68. Rb8+ Kc4 69. Ra8 Kd3 70. Ra4 Rd1 71. Ra3+ Ke4 72. Rxa2 Kxf4 73. Kf2 Kg4 74. Ra8 Rd2+ 75. Kf1 f4 76. Ke1 Rh2 77. Kf1 Kg3 78. Rg8+ Kf3 79. Kg1 Ra2 80. Rb8 Ra1+ 81. Kh2 Re1 82. Rb7 Kf2 83. Rb4 f3 84. Rb8 Re7 85. Rh8 Ke2 86. Kg3 Rg7+ 87. Kf4 f2 88. Re8+ Kf1 89. Kf3 Kg1 0-1